 Dungeon Crawl Stone Soup version 0.31-a0-522-gc2a4ee3 (webtiles) character file.

Game seed: 11472827994643331619

26476 Dorkslayer the Basher (level 12, -1/115 HPs)
             Began as a Troll Fighter on Aug 10, 2023.
             Was a High Priest of Okawaru.
             Slain by a vampire (5 damage)
             ... on level 13 of the Dungeon.
             The game lasted 00:48:13 (10645 turns).

Dorkslayer the Basher (Troll Fighter)              Turns: 10645, Time: 00:48:14

Health: -1/115     AC:  8    Str: 39    XL:     12   Next: 98%
Magic:  15/15      EV: 12    Int:  4    God:    Okawaru [*****.]
Gold:   548        SH: 19    Dex: 13    Spells: 11/11 levels left

rFire   + . .        u - +1 mace (holy)
rCold   . . .        A - +3 kite shield
rNeg    . . .        g - +2 robe {rF+}
rPois   .            (helmet restricted)
rElec   .            x - +1 cloak
rCorr   .            (gloves unavailable)
SInv    .            (boots unavailable)
Will    .....        m - amulet of reflection
Stlth   ++           f - +6 ring of strength
HPRegen 1.19/turn    n - +6 ring of strength
MPRegen 0.14/turn

%: reflection
@: no status effects
A: large, unfitting armour, claws 3, regeneration 1, shaggy fur 1, tough skin 1
a: Renounce Religion, Heroism, Finesse, Duel


You were on level 13 of the Dungeon.
You worshipped Okawaru.
Okawaru was extremely pleased with you.
You visited 2 branches of the dungeon, and saw 14 of its levels.

You collected 944 gold pieces.
You spent 396 gold pieces at shops.

Inventory:

Hand Weapons
 a - a +1 flail of freezing
 d - a +2 great mace of holy wrath
 u - a +1 mace of holy wrath (weapon)
 B - a +0 vampiric giant spiked club
Missiles
 h - a throwing net
 p - 12 large rocks (quivered)
 q - a javelin
 I - 11 boomerangs
Armour
 g - a +2 robe of fire resistance (worn)
 x - a +1 cloak (worn)
 A - a +3 kite shield (worn)
Jewellery
 f - a +6 ring of strength (left claw)
 j - a ring of willpower
 m - an amulet of reflection (around neck)
 n - a +6 ring of strength (right claw)
 H - a ring of poison resistance
 J - a ring of protection from cold
 M - a ring of protection from cold
Wands
 i - a wand of flame (10)
 v - a wand of polymorph (7)
 D - a wand of quicksilver (3)
 G - a wand of roots (6)
Scrolls
 e - a scroll of immolation
 l - 3 scrolls of blinking
 r - 6 scrolls of teleportation
 s - 6 scrolls of poison
 w - 3 scrolls of fog
 y - 2 scrolls of amnesia
 C - 2 scrolls of enchant weapon
 E - 2 scrolls of identify
 F - 2 scrolls of revelation
 K - 2 scrolls of enchant armour
Potions
 b - a potion of lignification
 k - a potion of magic
 o - 3 potions of mutation
 t - 3 potions of brilliance
 z - 3 potions of cancellation


   Skills:
 + Level 6.6 Fighting
 + Level 10.7 Maces & Flails
 + Level 1.4 Throwing
 + Level 7.0 Dodging
 + Level 2.8 Stealth
 + Level 9.4 Shields
 * Level 6.2 Invocations
 * Level 7.0 Evocations


You had 11 spell levels left.
You didn't know any spells.
Your spell library contained the following spells:

 Spells                   Type           Power      Damage    Failure   Level
 Apportation              Tloc           0%         N/A       63%         1
 Sandblast                Erth           0%         2d4       63%         1
 Slow                     Hex            0%         N/A       63%         1
 Passwall                 Tmut/Erth      0%         N/A       77%         2
 Sublimation of Blood     Necr           0%         N/A       77%         2
 Wereblood                Tmut           0%         N/A       77%         2
 Confusing Touch          Hex            0%         N/A       94%         3
 Portal Projectile        Hex/Tloc       0%         N/A       94%         3
 Stone Arrow              Conj/Erth      0%         3d7       94%         3
 Teleport Other           Tloc           0%         N/A       94%         3
 Vampiric Draining        Necr           0%         2d6       94%         3
 Volatile Blastmotes      Fire/Tloc      0%         2d10      94%         3
 Fulminant Prism          Conj/Hex       0%         3d5       100%        4
 Iskenderun's Mystic Bla  Conj/Tloc      0%         2d3       100%        4
 Passage of Golubria      Tloc           0%         N/A       100%        4
 Petrify                  Tmut/Erth      0%         N/A       100%        4
 Irradiate                Conj/Tmut      0%         3d11      100%        5
 Tukima's Dance           Hex            Unusable   N/A       N/A         3

Dungeon Overview and Level Annotations

Branches:
Dungeon (13/15)            Temple (1/1) D:4            Lair (0/5) D:9
    Orc (0/2) D:9          Vaults (0/5) D:13

Altars:
Ashenzari
Cheibriados
Dithmenos
Elyvilon
Fedhas
Gozag
Hepliaklqana
Kikubaaqudgha
Makhleb
Nemelex Xobeh
Okawaru
Qazlal
Ru
Sif Muna
Trog
Uskayaw
Vehumet
Wu Jian
Xom
Yredelemnul
Zin
The Shining One

Shops:
D:6 (   D:10 *

Portals:
Trove: D:11 (give horn of Geryon)


Innate Abilities, Weirdness & Mutations

You are too large for most types of armour.
You have claws for hands.
Your natural rate of healing is unusually fast.
You are covered in fur. (AC +1)
You have tough skin. (AC +1)


Message History

You completely miss something. Something completely misses you.
Something bites you but does no damage.
You barely miss something. Something hits you but does no damage.
Something bites you.
* * * LOW HITPOINT WARNING * * *
Something draws strength from your injuries!
You completely miss something. Something hits you.
* * * LOW HITPOINT WARNING * * *
You block something's attack.
You can't wield that with only one hand.
Okay, then.
Your +1 flail of freezing stops glowing.
Your +1 mace of holy wrath softly glows with a divine radiance!
u - a +1 mace of holy wrath (weapon)
You closely miss something. Something hits you!
* * * LOW HITPOINT WARNING * * *
Something barely misses you.
You feel better. Something hits you. Something bites you!
* * * LOW HITPOINT WARNING * * *
Something draws strength from your injuries!
You closely miss something. Something hits you but does no damage.
Something bites you but does no damage.
You sock something!
You hear some strange, mumbled words.
Something tries to affect you, but you resist.
You barely miss something. Something hits you but does no damage.
Something barely misses you.
You miss something. Something hits you.
* * * LOW HITPOINT WARNING * * *
You block something's attack.
You barely miss something. Something draws life force from you!
* * * LOW HITPOINT WARNING * * *
You hit something. You barely miss something. Something hits you.
* * * LOW HITPOINT WARNING * * *
Something bites you but does no damage.
You completely miss something. Something hits you!
* * * LOW HITPOINT WARNING * * *
Something bites you.
You die...

###.## #.'.#...#...#
#...######.#.#...#...#
#.##.....#.#.#...#...#
#.##(......#.#...'.∩.#
#.##.....###'#...#...#
#.##.....#...#...#...#
..##.#..##...'...#...#
..
.###.##.######...#####
.#
####.##.........@....#
.#.#
................{....#
##. ..
.....####............#
#.. #.
........##.....##....#
#.# .##
.....####..≈≈≈..
....#.##.# ..# .....#
.≈§≈§§. ......##<#
#.## .....# .§≈≈≈≈
.........####...
.....# .≈≈≈§§
#..........JO...
...###
#.>.#..#.#.#.#..


There were no monsters in sight!

Vanquished Creatures
  Rupert (D:12)
  A hydra (D:13)
  A boulder beetle (D:12)
  4 centaur warriors (D:13)
  3 two-headed ogres
  4 skeletal warriors (D:9)
  A deep elf pyromancer (D:12)
  3 ugly things
  A necromancer (D:13)
  3 cyclopes
  A manticore (D:13)
  A gargoyle (D:12)
  2 kobold demonologists
  2 komodo dragons
  2 trolls (D:11)
  2 hornets
  7 slime creatures
  2 shadows
  Sigmund (D:5)
  3 wraiths
  16 yaks
  A vampire (D:9)
  A wyvern (D:10)
  2 steam dragons
  2 vampire mosquitoes (D:13)
  Menkaure (D:4)
  4 acid dragons
  11 orc warriors
  3 sky beasts
  A black bear (D:5)
  3 ogres
  10 centaurs
  2 phantoms
  2 kobold brigands
  7 bullfrogs
  Blork the orc (D:4)
  4 gnoll sergeants
  4 scorpions
  5 wights (D:9)
  9 killer bees (D:9)
  5 electric eels
  3 howler monkeys
  A lava snake (D:10)
  2 hounds (D:5)
  A jelly (D:7)
  2 gnoll boudas
  7 orc priests
  3 sleepcaps
  4 iguanas
  Natasha (thrice) (D:4)
  25 orc wizards
  22 gnolls
  6 adders
  3 shadow imps
  3 white imps
  2 ufetubi
  6 worms
  2 dart slugs
  74 orcs
  11 endoplasms
  3 giant cockroaches
  6 goblins
  6 hobgoblins
  3 jackals (D:1)
  6 quokkas
  5 ball pythons
  A bat (D:1)
  3 frilled lizards
  10 kobolds
  3 rats
365 creatures vanquished.

Notes
Turn   | Place    | Note
-------+----------+-------------------------------------------
     0 | D:1      | Dorkslayer the Troll Fighter began the quest for the Orb.
     0 | D:1      | Reached XP level 1. HP: 22/22 MP: 0/0
   179 | D:1      | Reached XP level 2. HP: 23/29 MP: 1/1
   217 | D:1      | Reached skill level 2 in Maces & Flails
   336 | D:1      | Reached XP level 3. HP: 36/36 MP: 2/2
  1057 | D:2      | Reached XP level 4. HP: 44/44 MP: 3/3
  1150 | D:2      | Reached skill level 3 in Maces & Flails
  1983 | D:4      | Noticed Natasha
  1998 | D:4      | Killed Natasha
  1999 | D:4      | Reached XP level 5. HP: 40/50 MP: 4/4
  2009 | D:4      | Found a shadowy altar of Dithmenos.
  2033 | D:4      | Noticed Menkaure
  2042 | D:4      | Killed Menkaure
  2043 | D:4      | Reached skill level 1 in Evocations
  2043 | D:4      | Reached XP level 6. HP: 15/59 MP: 5/5
  2096 | D:4      | Noticed Blork the orc
  2105 | D:4      | Killed Blork the orc
  2106 | D:4      | Reached skill level 4 in Maces & Flails
  2448 | D:4      | Found a staircase to the Ecumenical Temple.
  2530 | D:4      | Noticed Natasha
  2546 | D:4      | Killed Natasha
  2583 | D:4      | Noticed Natasha
  2588 | D:4      | Killed Natasha
  2710 | D:4      | Reached XP level 7. HP: 65/67 MP: 6/6
  2816 | D:4      | Identified the +1 leather armour "Nonerunn" {rC+}
  2835 | D:5      | Entered Level 5 of the Dungeon
  3012 | Temple   | Entered the Ecumenical Temple
  3117 | D:5      | Found a stormy altar of Qazlal.
  3117 | D:5      | Found an ornate altar of the Wu Jian Council.
  3117 | D:5      | Found a glowing silver altar of Zin.
  3189 | D:5      | Noticed Sigmund
  3196 | D:5      | Killed Sigmund
  3197 | D:5      | Reached skill level 5 in Maces & Flails
  3254 | D:5      | Reached XP level 8. HP: 61/75 MP: 7/7
  3637 | D:5      | Found a shimmering blue altar of Sif Muna.
  3766 | D:6      | Found Xeulero's Antique Weapon Emporium.
  3830 | D:6      | Reached skill level 6 in Maces & Flails
  3893 | D:6      | Reached skill level 5 in Shields
  4040 | D:6      | Reached skill level 1 in Stealth
  4154 | D:6      | Reached XP level 9. HP: 84/84 MP: 8/8
  4219 | D:6      | Found a sparkling altar of Nemelex Xobeh.
  4548 | D:7      | Found a burning altar of Makhleb.
  4586 | D:7      | Reached skill level 5 in Dodging
  4591 | D:7      | Reached skill level 7 in Maces & Flails
  5065 | D:7      | Reached XP level 10. HP: 94/94 MP: 9/9
  5338 | D:8      | Got the Spellbook of the Transformed Wayfarer
  5370 | D:8      | Found an iron altar of Okawaru.
  5440 | D:8      | Became a worshipper of Warmaster Okawaru
  5506 | D:8      | Paralysed by a hornet for 1 turns
  5569 | D:8      | Found an ancient bone altar of Kikubaaqudgha.
  5655 | D:8      | Reached skill level 1 in Invocations
  5867 | D:8      | Reached skill level 5 in Fighting
  5867 | D:8      | Reached skill level 8 in Maces & Flails
  5870 | D:8      | Reached * piety under Okawaru
  6064 | D:8      | Noticed a brown ugly thing
  6073 | D:8      | Reached skill level 5 in Evocations
  6087 | D:8      | Killed a brown ugly thing
  6087 | D:8      | Reached ** piety under Okawaru
  6500 | D:9      | Found a snail-covered altar of Cheibriados.
  6500 | D:9      | Noticed a skeletal warrior
  6500 | D:9      | Noticed a skeletal warrior
  6527 | D:9      | Killed a skeletal warrior
  6545 | D:9      | Killed a skeletal warrior
  6635 | D:9      | Reached *** piety under Okawaru
  6636 | D:9      | Reached XP level 11. HP: 104/104 MP: 12/12
  6662 | D:9      | Noticed a skeletal warrior
  6692 | D:9      | Killed a skeletal warrior
  6723 | D:9      | Reached skill level 9 in Maces & Flails
  6755 | D:9      | Noticed a skeletal warrior
  7049 | D:9      | Reached **** piety under Okawaru
  7148 | D:9      | HP: 4/104 [skeletal warrior/+0 scimitar (19)]
  7149 | D:9      | Killed a skeletal warrior
  7456 | D:9      | Found a staircase to the Orcish Mines.
  7456 | D:9      | Noticed a two-headed ogre
  7491 | D:9      | Killed a two-headed ogre
  7491 | D:9      | Received a gift from Okawaru
  7640 | D:9      | Found a staircase to the Lair.
  7776 | D:10     | Entered Level 10 of the Dungeon
  7811 | D:10     | Found a sacrificial altar of Ru.
  8008 | D:10     | Found a hazy altar of Hepliaklqana.
  8125 | D:10     | Reached ***** piety under Okawaru
  8213 | D:10     | Found a white marble altar of Elyvilon.
  8223 | D:10     | Found Qorghedav's General Store.
  8251 | D:10     | Noticed a soul eater
  8295 | D:10     | Bought a scroll of revelation for 112 gold pieces
  8295 | D:10     | Bought a scroll of enchant armour for 112 gold pieces
  8295 | D:10     | Bought a scroll of enchant armour for 112 gold pieces
  8295 | D:10     | Bought a scroll of vulnerability for 60 gold pieces
  8459 | D:10     | Found a glowing golden altar of the Shining One.
  8761 | D:11     | Identified the +1 robe of Integrity {Contam Int+4 Stlth+}
                  | (Okawaru gifted it to you on level 11 of the Dungeon)
  8761 | D:11     | Received a gift from Okawaru
  8949 | D:11     | Found a portal to a secret trove of treasure.
  9316 | D:12     | Noticed Rupert
  9338 | D:12     | Paralysed by Rupert for 5 turns
  9363 | D:12     | Reached XP level 12. HP: 62/113 MP: 14/14
  9375 | D:12     | Killed Rupert
  9445 | D:12     | Identified the +2 whip of Fortitude {flame, rC+ MP-9 Str+2}
  9463 | D:12     | Reached skill level 5 in Invocations
  9474 | D:12     | Reached skill level 10 in Maces & Flails
  9643 | D:12     | Noticed a boulder beetle
  9688 | D:12     | Killed a boulder beetle
  9878 | D:13     | Noticed a two-headed ogre
  9943 | D:12     | Killed a two-headed ogre
  9944 | D:12     | Reached skill level 1 in Throwing
  9965 | D:13     | Noticed a centaur warrior
  9973 | D:13     | Killed a centaur warrior
 10006 | D:13     | Noticed a six-headed hydra
 10017 | D:13     | Killed a six-headed hydra
 10153 | D:13     | Noticed a centaur warrior
 10155 | D:13     | Noticed a centaur warrior
 10165 | D:13     | Killed a centaur warrior
 10169 | D:13     | Killed a centaur warrior
 10193 | D:13     | Found a gate to the Vaults.
 10193 | D:13     | Noticed a two-headed ogre
 10195 | D:13     | HP: 3/115 [two-headed ogre/+0 dire flail (20)]
 10351 | D:13     | Noticed a two-headed ogre
 10356 | D:13     | Noticed a two-headed ogre
 10461 | D:13     | Noticed a centaur warrior
 10466 | D:13     | Killed a centaur warrior
 10556 | D:13     | Received a gift from Okawaru
 10569 | D:13     | Killed a two-headed ogre
 10645 | D:13     | HP: 4/115 [something (10)]
 10645 | D:13     | Slain by a vampire

Illustrated notes

Levels and vault maps discovered:
D:1:      dpeg_arrival_pits, layout_rooms, serial_corexii_hall,
          corexii_hall_statues_l, chequers_hall_statues_wall_a
D:2:      layout_loops_corners
D:3:      layout_loops_cross, grunt_ministairs_9
D:4:      cheibrodos_old_hovel, layout_basic,
          nicolae_dithmenos_through_a_glass_darkly,
          minmay_temple_entry_from_below_a, uniq_natasha, uniq_menkaure,
          uniq_blork_the_orc
D:5:      layout_loops_ring, mainiacjoe_overflow_cross_hatched,
          gammafunk_temple_overflow_claw, minmay_misc_feat_cross,
          minmay_starry_boxes, uniq_sigmund
D:6:      layout_basic, overflow_temple_1_default, serial_shops, shop,
          serial_bayou, serial_bayou_pond_d, serial_bayou_pond_d,
          serial_bayou_crossing, serial_bayou_pond_a
D:7:      layout_cave_pools, mainiacjoe_overflow_six_doors_small, serial_bayou,
          serial_bayou_pond_a, serial_bayou_lake_a, serial_bayou_lagoon_b,
          serial_bayou_ford_a
D:8:      kennysheep_windowed_halls, layout_basic,
          nicolae_overflow_crystal_walls, okawaru_gym_becter,
          eino_small_chamber_without_monster
D:9:      layout_basic, lemuel_tele_altar, david_lair_shrubbed, david_orc_5,
          serial_corexii_hall, chequers_hall_statues_wall_a,
          chequers_hall_statues_corner_a, nicolae_letterblocks
          [nicolae_letter_subblock, nicolae_letter_subblock,
          nicolae_letter_subblock, nicolae_letter_subblock,
          nicolae_letter_subblock, nicolae_letter_subblock,
          nicolae_letter_subblock, nicolae_letter_subblock,
          nicolae_letter_subblock, nicolae_letter_subblock,
          nicolae_letter_subblock, nicolae_letter_subblock,
          nicolae_letter_subblock, nicolae_letter_subblock,
          nicolae_letter_subblock, nicolae_letter_subblock,
          nicolae_letter_subblock, nicolae_letter_subblock,
          nicolae_letter_subblock, nicolae_letter_subblock,
          nicolae_letter_subblock, nicolae_letter_subblock,
          nicolae_letter_subblock, nicolae_letter_subblock,
          nicolae_letter_subblock]
D:10:     layout_loops_ring, mainiacjoe_overflow_alcove_1,
          mainiacjoe_overflow_brackets, worldfamousw_hep_ancestral_shrine,
          kennysheep_little_box, serial_shops, shop, kennysheep_generic_room_16
D:11:     layout_basic, nicolae_trove_entry_isolated, st_stairs_4
D:12:     layout_gridville, uniq_rupert
D:13:     layout_rooms, david_vaults_1, serial_shops, nicolae_lakefront_shop,
          onia_ninara_cookie
Temple:   nicolae_temple_two_arcs

Skill      XL: |  1  2  3  4  5  6  7  8  9 10 11 12 |
---------------+-------------------------------------+-----
Maces & Flails | 2 3 4 5 6 7 8 9 10 | 10.7
Shields        | 3 4 5 6 7 8 9 |  9.4
Dodging        | 3 4 5 6 7 |  7.0
Evocations     | 1 2 3 4 5 6 7 |  7.0
Fighting       | 3 4 5 6 |  6.6
Stealth        | 1 2 |  2.8
Invocations    | 3 4 6 |  6.2
Throwing       | 1 |  1.4

Action                     |  1- 3 |  4- 6 |  7- 9 | 10-12 || total
---------------------------+-------+-------+-------+-------++-------
  Melee: Flail             |   133 |   147 |   363 |   904 ||  1547
         Mace              |       |       |       |    16 ||    16
  Throw: Javelin           |       |       |       |     4 ||     4
         Boomerang         |       |       |       |    14 ||    14
         Large rock        |       |       |       |    12 ||    12
         Throwing net      |       |       |       |     1 ||     1
  Evoke: Wand              |       |       |     2 |    36 ||    38
    Use: Scroll            |       |    13 |     9 |    14 ||    36
         Potion            |       |     1 |     3 |    19 ||    23
   Stab: Sleeping          |       |     2 |     2 |     2 ||     6
         Invisible         |       |       |       |    12 ||    12
 Armour: Robe              |    53 |    47 |    56 |   156 ||   312
  Dodge: Dodged            |    48 |    40 |    87 |   248 ||   423
  Block: Kite shield       |    52 |    95 |   213 |   730 ||  1090
         Reflection        |       |     1 |     3 |    46 ||    50

Table legend: (Time is in decaauts)
 A = Elapsed time spent in this place.
 B = Non-inter-level travel time spent in this place.
 C = Inter-level travel time spent in this place.
 D = Time resting spent in this place.
 E = Time spent auto-exploring this place.
 F = Levels seen in this place.
 G = Mean time per level.
                   A        B        C        D        E       F      G
               +--------+--------+--------+--------+--------+-----+--------+
         Total |  10759 |  10759 |      0 |    197 |   3556 |  14 |  768.5 |
       Dungeon |  10720 |  10720 |      0 |    197 |   3556 |  13 |  824.6 |
        Temple |     38 |     38 |      0 |      0 |      0 |   1 |   38.0 |
               +--------+--------+--------+--------+--------+-----+--------+

Top non-repeatable levels by time:
     D:9: 1282 daAuts
     D:8: 1163 daAuts
     D:4: 978 daAuts
     D:5: 897 daAuts
    D:12: 846 daAuts
    D:10: 829 daAuts
     D:2: 807 daAuts
     D:6: 781 daAuts
     D:7: 772 daAuts
    D:11: 628 daAuts
     D:3: 608 daAuts
     D:1: 565 daAuts
    D:13: 558 daAuts
  Temple: 38 daAuts
